 Dungeon Crawl Stone Soup version 0.29.0-4-gdea44cf6ec (webtiles) character file.

Game seed: 18297242593271872106

333 qw the Chopper (level 6, -5/35 HPs)
             Began as a Tengu Warper on Aug 28, 2022.
             Slain by a black bear (11 damage)
             ... on level 4 of the Dungeon.
             The game lasted 00:00:17 (3210 turns).

qw the Chopper (Tengu Warper)                       Turns: 3210, Time: 00:00:17

Health: -5/35      AC:  8    Str: 13    XL:     6   Next: 53%
Magic:  10/10      EV:  9    Int: 14    God:
Gold:   167        SH: 10    Dex: 13    Spells: 9/9 levels left

rFire   . . .      SeeInvis .   Y - +0 hand axe
rCold   . . .      Faith    .   j - +2 kite shield
rNeg    + . .      Spirit   .   h - +0 chain mail
rPois   .          Reflect  .   (helmet restricted)
rElec   .          Harm     .   (no cloak)
rCorr   .          Rampage  .   (no gloves)
Will    .....                   (boots unavailable)
Stlth   ..........              (no amulet)
HPRegen 0.11/turn               d - ring of positive energy
MPRegen 0.12/turn               i - +4 ring of evasion

@: about to teleport, flying quickly and evasively, quick
A: beak, talons 3, nimble flight
a: no special abilities


You were on level 4 of the Dungeon.
You visited 1 branch of the dungeon, and saw 4 of its levels.

You collected 167 gold pieces.


Innate Abilities, Weirdness & Mutations

You have a beak for a mouth.
You have claws for feet.
Your magical nature lets you fly swiftly and evasively.


   Skills:
 - Level 2.0 Fighting
 - Level 6.6 Axes
 - Level 1.0 Throwing
 - Level 1.1 Armour
 - Level 2.1 Dodging
 + Level 2.6 Shields
 - Level 2.0 Spellcasting
 - Level 2.4 Translocations


You had 9 spell levels left.
You didn't know any spells.
Your spell library contained the following spells:

 Spells                   Type           Power      Damage    Failure   Level
 Blink                    Tloc           16%        N/A       100%        2
 Gell's Gravitas          Tloc           8%         N/A       100%        3
 Lesser Beckoning         Tloc           8%         N/A       100%        3
 Teleport Other           Tloc           8%         N/A       100%        3
 Manifold Assault         Tloc           8%         N/A       100%        5

Inventory:

Hand Weapons
 c - a +0 flail
 Y - a +0 hand axe (weapon)
Armour
 h - a +0 chain mail (worn)
 j - a +2 kite shield (worn)
Jewellery
 d - a ring of positive energy (left hand)
 i - a +4 ring of evasion (right hand)
Scrolls
 b - a scroll of enchant armour
 e - a scroll of identify
 n - 2 scrolls of teleportation
Potions
 a - a potion of mutation
 f - a potion of berserk rage {unknown}
 g - a potion of curing {unknown}
 l - a potion of brilliance {unknown}
 m - a potion of magic {unknown}

Dungeon Overview and Level Annotations

Branches:
Dungeon (4/15)
 Temple: D:4-7

Altars:
Nemelex Xobeh
Ru
Trog
Vehumet

Shops:
D:3 [


Message History

The black bear is severely wounded.
The black bear bites you but does no damage.
You block the black bear's attack. x2
You barely miss the black bear.
The black bear is severely wounded.
The black bear bites you. The black bear claws you.
The black bear claws you but does no damage.
The black bear bites you!
The black bear claws you but does no damage. x2
You closely miss the black bear. Your kick misses the black bear.
You peck the black bear.
The black bear is severely wounded.
The black bear goes berserk!
You barely miss the black bear. Your peck misses the black bear.
The black bear is severely wounded.
You block the black bear's attack. The black bear barely misses you. x2
You block the black bear's attack.
The black bear claws you but does no damage.
You block the black bear's attack.
You closely miss the black bear.
The black bear is severely wounded.
The black bear completely misses you.
The black bear claws you but does no damage.
The black bear claws you.
You hit the black bear.
The black bear is severely wounded.
The black bear bites you. You block the black bear's attack. x2
The black bear bites you! The black bear claws you.
You block the black bear's attack.
3209 ||| READING 3 scrolls of teleportation.
As you read the scroll of teleportation, it crumbles to dust.
You feel strangely unstable. You block the black bear's attack.
The black bear barely misses you. You block the black bear's attack.
The black bear closely misses you.
The black bear claws you but does no damage.
The black bear closely misses you.
You barely miss the black bear. You claw the black bear.
The black bear is almost dead.
The black bear bites you!
You die...

....... .......
...(... .....).
....... ..[......
##.......h##
#.........@#
##..........#
##...........#
#####............#
...)..#..........##
#....).#..........#
..<#..............#
####.####.........#
#..# ##........#


You could see a black bear (berserk).

Vanquished Creatures
  Sigmund (D:2)
  A necrophage (D:3)
  3 gnolls (D:3)
  3 adders (D:2)
  2 dart slugs
  4 orcs
  4 bats
  3 endoplasms
  2 giant cockroaches
  3 goblins (D:1)
  2 hobgoblins
  6 jackals
  A quokka (D:3)
  2 ball pythons (D:1)
  3 frilled lizards
  5 kobolds
  7 rats
52 creatures vanquished.

Notes
Turn   | Place    | Note
-------+----------+-------------------------------------------
     0 | D:1      | qw the Tengu Warper began the quest for the Orb.
     0 | D:1      | Reached XP level 1. HP: 12/12 MP: 4/4
     0 | D:1      | 0 ||| qw: Version: 0.1-a-89-g26bdef1
     0 | D:1      | 0 ||| qw: Game counter: 835
     0 | D:1      | 0 ||| qw: Always use a shield: true
     0 | D:1      | 0 ||| qw: God list: Okawaru
     0 | D:1      | 0 ||| qw: Allow faded altars: false
     0 | D:1      | 0 ||| qw: Do Orc after D:15 true
     0 | D:1      | 0 ||| qw: Do second Lair branch before Depths: true
     0 | D:1      | 0 ||| qw: Lair rune preference: random
     0 | D:1      | 0 ||| qw: Plans: Normal
     0 | D:1      | 0 ||| PLANNING D:1-11
    43 | D:1      | Found a faded altar of an unknown god.
   301 | D:1      | 301 ||| Stepping ~*~*~tactically~*~*~ (stealth).
   303 | D:1      | Reached skill level 3 in Axes
   303 | D:1      | Reached XP level 2. HP: 15/17 MP: 6/6
   690 | D:1      | 690 ||| Stepping ~*~*~tactically~*~*~ (stealth).
   713 | D:1      | 713 ||| Stepping ~*~*~tactically~*~*~ (stealth).
   714 | D:1      | 714 ||| Stepping ~*~*~tactically~*~*~ (stealth).
   716 | D:1      | 716 ||| Stepping ~*~*~tactically~*~*~ (stealth).
   731 | D:1      | 731 ||| Stepping ~*~*~tactically~*~*~ (stealth).
   836 | D:1      | 836 ||| DROPPING +0 club.
   846 | D:1      | 846 ||| UPGRADING to +0 chain mail.
   856 | D:1      | 856 ||| DROPPING +0 leather armour.
   857 | D:1      | 857 ||| READING scroll labelled TEHIRE PAPAIKOC.
   858 | D:1      | 858 ||| READING scroll labelled QATOCVIENYTT.
   859 | D:1      | 859 ||| DROPPING scroll of blinking.
   922 | D:2      | Reached XP level 3. HP: 21/21 MP: 7/7
   962 | D:2      | 962 ||| Stepping ~*~*~tactically~*~*~ (hiding).
  1200 | D:2      | Reached skill level 4 in Axes
  1261 | D:2      | 1261 ||| DROPPING +0 mace.
  1437 | D:2      | Found a sacrificial altar of Ru.
  1643 | D:2      | Reached XP level 4. HP: 26/26 MP: 8/8
  1769 | D:2      | Noticed Sigmund
  1770 | D:2      | 1770 ||| Stepping ~*~*~tactically~*~*~ (hiding).
  1773 | D:2      | 1773 ||| Stepping ~*~*~tactically~*~*~ (hiding).
  1784 | D:2      | Killed Sigmund
  1785 | D:2      | Reached skill level 6 in Axes
  1785 | D:2      | Gained mutation: Your magical nature lets you fly swiftly
                  | and evasively. [Tengu growth]
  1785 | D:2      | Reached XP level 5. HP: 17/30 MP: 9/9
  2118 | D:2      | 2118 ||| UPGRADING to +2 kite shield.
  2123 | D:2      | 2123 ||| READING scroll labelled SOGIAZ IXAHACZUU.
  2260 | D:2      | 2260 ||| READING scroll labelled YNUNIX AMNU.
  2261 | D:2      | 2261 ||| READING scroll labelled TOAPTUXEGG.
  2264 | D:2      | 2264 ||| READING scroll labelled QUNOMA ITUYNGO.
  2265 | D:2      | 2265 ||| READING scroll labelled UPOCAZISE OKAGHO.
  2266 | D:2      | 2266 ||| DRINKING 2 green potions.
  2267 | D:2      | 2267 ||| READING 2 scrolls of identify.
  2267 | D:2      | 2267 ||| IDENTIFYING clear potion
  2388 | D:3      | Reached XP level 6. HP: 35/35 MP: 10/10
  2415 | D:3      | Reached skill level 1 in Shields
  2555 | D:3      | Found a sparkling altar of Nemelex Xobeh.
  2556 | D:3      | Found a radiant altar of Vehumet.
  2557 | D:3      | Found a bloodstained altar of Trog.
  2596 | D:3      | 2596 ||| Stepping ~*~*~tactically~*~*~ (stealth).
  2602 | D:3      | 2602 ||| Stepping ~*~*~tactically~*~*~ (stealth).
  2624 | D:3      | 2624 ||| Stepping ~*~*~tactically~*~*~ (stealth).
  2626 | D:3      | 2626 ||| Stepping ~*~*~tactically~*~*~ (hiding).
  2628 | D:3      | 2628 ||| Stepping ~*~*~tactically~*~*~ (hiding).
  2643 | D:3      | HP: 2/35 [gnoll/+0 halberd (8)]
  2644 | D:3      | 2644 ||| DRINKING potion of heal wounds.
  2916 | D:3      | Found Lahiyrhu's Armour Shoppe.
  2934 | D:3      | 2934 ||| SHOPLISTING +0 plate armour "Nyaxexza" {Slay+3}
                  | (596 gold, have 150).
  2934 | D:3      | 2934 ||| SHOPLISTING +1 plate armour of the Orb {rF+ rC+
                  | Str+4} (803 gold, have 150).
  3094 | D:3      | 3094 ||| UPGRADING to ring of positive energy.
  3095 | D:3      | 3095 ||| UPGRADING to +4 ring of evasion.
  3096 | D:3      | 3096 ||| READING 2 scrolls labelled ANGAIMITY.
  3097 | D:3      | 3097 ||| READING 2 scrolls labelled NETEUR CUITIAH.
  3098 | D:3      | 3098 ||| DROPPING scroll of fear.
  3196 | D:4      | Noticed a black bear
  3208 | D:4      | HP: 5/35 [black bear (6)]
  3209 | D:4      | 3209 ||| READING 3 scrolls of teleportation.
  3210 | D:4      | Slain by a black bear

Levels and vault maps discovered:
D:1:      dpeg_arrival_houses_and_road, layout_basic,
          ebering_ecumenical_altar_box
D:2:      layout_loops_corners, basic_altar, uniq_sigmund
D:3:      layout_basic, grunt_temple_overflow_open, serial_shops,
          nicolae_shop_statue_plus, hangedman_decor_growths, nrook_uturn,
          minmay_misc_feat_roman, kennysheep_minor_cross, interstate_on_off
D:4:      layout_rooms

Skill      XL: |  1  2  3  4  5  6 |
---------------+-------------------+-----
Axes           | 3 4 6 |  6.6
Shields        | 2 |  2.6
Fighting       | |  2.0
Throwing       | |  1.0
Armour         | |  1.1
Dodging        | |  2.1
Spellcasting   | |  2.0
Translocations | |  2.4

Action                   |  1- 3 |  4- 6 || total
-------------------------+-------+-------++-------
Melee: Hand axe          |    59 |    75 ||   134
       Kick              |    13 |    25 ||    38
       Peck              |     6 |    12 ||    18
Throw: Boomerang         |     7 |       ||     7
       Javelin           |       |    16 ||    16
  Use: Scroll            |     2 |     9 ||    11
       Potion            |       |     2 ||     2
Armor: Leather armour    |     7 |       ||     7
       Chain mail        |    11 |    28 ||    39
Dodge: Dodged            |    17 |    24 ||    41
Block: Kite shield       |       |    48 ||    48

Table legend:
 A = Non-vault XP
 B = Vault XP
 C = Vault XP percentage of total XP
 D = Non-vault monster count
 E = Vault monster count
 F = Vault count percentage of total count
                 A         B        C        D         E       F
            +---------+---------+-------+---------+---------+-------
      Total |     246 |     231 |  48.4 |      51 |       1 |   1.9
            +---------+---------+-------+---------+---------+-------
        D:1 |      33 |       0 |   0.0 |      19 |       0 |   0.0
        D:2 |      53 |     231 |  81.3 |      11 |       1 |   8.3
        D:3 |     152 |       0 |   0.0 |      17 |       0 |   0.0
        D:4 |       8 |       0 |   0.0 |       4 |       0 |   0.0
            +---------+---------+-------+---------+---------+-------
